 Dungeon Crawl Stone Soup version 0.31.0-32-g396128a36d (webtiles) character file.

Game seed: 16587579190332861377

185 cdecastro the Grasshopper (level 5, -1/41 HPs)
             Began as an Armataur Warper on Mar 8, 2024.
             Was a Believer of Sif Muna.
             Slain by a ribbon worm (4 damage)
             ... on level 3 of the Dungeon.
             The game lasted 00:04:10 (2946 turns).

cdecastro the Grasshopper (Armataur Warper)         Turns: 2946, Time: 00:04:11

Health: -1/41      AC:  8    Str: 18    XL:     5   Next: 37%
Magic:  7/7        EV:  3    Int: 14    God:    Sif Muna [**....]
Gold:   0          SH:  0    Dex:  9    Spells: 7/7 levels left

rFire   . . .        r - +0 whip (venom)
rCold   . . .        (no shield)
rNeg    . . .        p - +0 plate armour
rPois   .            (no helmet)
rElec   .            (no cloak)
rCorr   .            (no gloves)
SInv    .            (no barding)
Will    .....        (no amulet) Stlth
                     (no ring)
HPRegen 0.26/turn    (no ring)
MPRegen 0.10/turn

%: roll
@: confused, ambrosia-drunk
A: large, deformed body, tough skin 3, armoured tail, roll 1
a: Renounce Religion, Channel Magic


You were on level 3 of the Dungeon.
You worshipped Sif Muna.
Sif Muna was pleased with you.
You visited 1 branch of the dungeon, and saw 4 of its levels.

You collected 132 gold pieces.
You spent 132 gold pieces at shops.

Inventory:

Hand Weapons
 a - a +0 mace
 r - a +0 whip of venom (weapon)
Missiles
 d - 7 darts of dispersal (quivered)
 w - 2 boomerangs
Armour
 b - a +0 leather armour
 h - a +0 ring mail
 p - a +0 plate armour (worn)
Jewellery
 e - a ring of ice
 m - a ring of fire
Wands
 s - a wand of quicksilver (9)
 x - a wand of flame (20)
 y - a wand of charming (7)
Scrolls
 c - 2 scrolls of blinking
 i - 6 scrolls of identify {unknown}
 j - a scroll of enchant weapon {unknown}
 l - a scroll of vulnerability {unknown}
 t - 2 scrolls of enchant armour {unknown}
 v - a scroll of poison {unknown}
Potions
 f - 3 potions of curing
 g - a potion of might {unknown}
 k - a potion of magic {unknown}
 n - a potion of attraction {unknown}
 o - a potion of berserk rage {unknown}
 q - a potion of lignification {unknown}
 u - 2 potions of haste {unknown}


   Skills:
 - Level 1.7 Fighting
 * Level 4.3 Maces & Flails
 - Level 0.8 Throwing
 - Level 1.2 Armour
 - Level 1.3 Dodging
 - Level 1.7 Spellcasting
 + Level 4.3 Translocations


You had 7 spell levels left.
You didn't know any spells.
Your spell library contained the following spells:

 Spells                   Type           Power      Damage    Failure   Level
 Blink                    Tloc           26%        N/A       97%         2
 Lesser Beckoning         Tloc           26%        N/A       97%         2
 Teleport Other           Tloc           13%        N/A       99%         3
 Kiss of Death            Conj/Necr      4%         2d5       100%        1
 Shock                    Conj/Air       4%         1d3       100%        1
 Slow                     Hex            4%         N/A       100%        1
 Ensorcelled Hibernation  Hex/Ice        2%         N/A       100%        2
 Confusing Touch          Hex            1%         N/A       100%        3
 Passwall                 Erth           1%         N/A       100%        3
 Sigil of Binding         Hex            1%         N/A       100%        3
 Swiftness                Air            1%         N/A       100%        3
 Vampiric Draining        Necr           1%         2d6       100%        3
 Airstrike                Air            0%         2d(1-17)  100%        4
 Dispel Undead            Necr           1%         3d6       100%        4
 Ignite Poison            Fire/Alch      1%         N/A       100%        4
 Manifold Assault         Tloc           13%        N/A       100%        4
 Sticky Flame             Fire/Alch      1%         2d4       100%        4
 Vhi's Electric Charge    Tloc/Air       14%        N/A       100%        4
 Ignition                 Fire           0%         3d3       100%        8


Dungeon Overview and Level Annotations

Branches:
Dungeon (4/15)
 Temple: D:4-7

Altars:
Elyvilon
Sif Muna

Shops:
D:3 *


Innate Abilities, Weirdness & Mutations

Armour fits poorly on your strangely shaped body.
You have extremely tough skin. (AC +3)
You have a long armoured tail.
You regenerate magic when rolling toward enemies. (Rampage MPRegen)


Message History

There is a stone staircase leading up here.
The gnoll hits you from afar with a +0 spear.
The gnoll hits you but does no damage.
You climb upwards.
There is a stone staircase leading down here.
Unknown command.
Unknown command.
You hit the ribbon worm but do no damage.
The ribbon worm is poisoned.
The ribbon worm bites you. The gnoll completely misses you.
You hit the ribbon worm.
The ribbon worm looks as sick as possible!
The ribbon worm is lightly wounded.
The gnoll hits you with a +0 morningstar!
* * * LOW HITPOINT WARNING * * *
The ribbon worm expels a string of sticky webbing.
The stream of webbing hits you but does no damage.
You are caught in a web!
The gnoll hits you with a +0 morningstar.
* * * LOW HITPOINT WARNING * * *
The ribbon worm bites you.
* * * LOW HITPOINT WARNING * * *
You hit the gnoll.
The gnoll is poisoned.
Your tail-slap misses the gnoll.
The gnoll is moderately wounded.
The gnoll hits you with a +0 morningstar.
* * * LOW HITPOINT WARNING * * *
Unknown command.
You hit the gnoll but do no damage.
The gnoll looks as sick as possible!
You tail-slap the gnoll!
The gnoll is severely wounded.
The ribbon worm bites you.
* * * LOW HITPOINT WARNING * * *
The gnoll hits you with a +0 morningstar!
* * * LOW HITPOINT WARNING * * *
You are confused.
You feel invigorated.
The gnoll hits you with a +0 morningstar.
* * * LOW HITPOINT WARNING * * *
The ribbon worm bites you.
You die...

...............#.#
.######<####.###.# .#
#.# #.# #.# .# #.#
#.# #.# †#
####.####.# #.# .#
#.........# #.#
.###...#########.#
...............w.#
...............g@#
####..############
#..##############
#.....#†....#...##
##...©#©.∩.©#©...#
######...#.....#....#
......#############)#
......##### ####)#
..........######.##.#


You could see a ribbon worm (very poisoned) and a gnoll (extremely poisoned).

Vanquished Creatures
  A scorpion (D:4)
  4 adders
  3 dart slugs
  A ribbon worm (D:2)
  5 orcs (D:3)
  7 ball pythons
  6 endoplasms
  3 giant cockroaches
  7 goblins
  7 hobgoblins
  6 jackals (D:2)
  3 kobolds
  3 quokkas
  4 bats
  4 frilled lizards
  3 rats
67 creatures vanquished.

Notes
Turn   | Place    | Note
-------+----------+-------------------------------------------
     0 | D:1      | cdecastro the Armataur Warper began the quest for the Orb.
     0 | D:1      | Reached XP level 1. HP: 17/17 MP: 3/3
   162 | D:1      | Reached XP level 2. HP: 17/24 MP: 4/4
   380 | D:1      | Found a faded altar of an unknown god.
   413 | D:1      | Reached XP level 3. HP: 25/29 MP: 5/5
   428 | D:1      | Prayed at the altar of an unknown god.
   428 | D:1      | Became a worshipper of Sif Muna the Loreminder
   428 | D:1      | Reached * piety under Sif Muna
   930 | D:2      | Identified the +0 leather armour of Teboakk {Dex+4}
  1364 | D:2      | Reached XP level 4. HP: 33/36 MP: 6/6
  1794 | D:3      | Reached ** piety under Sif Muna
  1945 | D:3      | You fall into a shaft and drop 1 floor!
  1979 | D:4      | Noticed a scorpion
  1990 | D:4      | Killed a scorpion
  1991 | D:4      | Reached XP level 5. HP: 28/41 MP: 7/7
  2165 | D:3      | Found a white marble altar of Elyvilon.
  2237 | D:3      | Found a transporter.
  2237 | D:3      | Found Zeoh's General Store.
  2240 | D:3      | Found a transporter.
  2886 | D:3      | Bought a potion of ambrosia for 96 gold pieces
  2886 | D:3      | Bought a potion of curing for 36 gold pieces
  2946 | D:3      | Slain by a ribbon worm

Illustrated notes

Levels and vault maps discovered:
D:1:      dpeg_arrival_more_subterranean_lakeside_camping, layout_loops_ring,
          nicolae_ecumenical_snake_handling
D:2:      layout_loops_ring, minmay_misc_feat_plants, nicolae_the_louvre
D:3:      layout_basic, mainiacjoe_overflow_surrounded_room, serial_shops,
          nicolae_shop_drivethru
D:4:      minmay_general_purpose_star, layout_loops_ring, nicolae_grassy_gnolls,
          uniq_blork_the_orc

Skill      XL: |  1  2  3  4 |
---------------+-------------+-----
Maces & Flails | 2 3 4 |  4.3
Translocations | 4 |  4.3
Fighting       | |  1.7
Throwing       | |  0.8
Armour         | |  1.2
Dodging        | |  1.3
Spellcasting   | |  1.7

Action                     |  1- 3 |  4- 6 || total
---------------------------+-------+-------++-------
  Melee: Mace              |   134 |    10 ||   144
         Tailslap          |    14 |     9 ||    23
         Punch             |     2 |       ||     2
         Whip              |       |    58 ||    58
    Use: Potion            |       |     1 ||     1
 Armour: Ring mail         |    90 |       ||    90
         Leather armour    |     1 |       ||     1
         Plate armour      |     7 |    67 ||    74
  Dodge: Dodged            |    56 |     7 ||    63
